 Dungeon Crawl Stone Soup version 0.31-a0-728-g01b46875f1 (webtiles) character file.

Game seed: 15386426947211825285

537 LeprechaunX the Changeling (level 7, -1/46 HPs)
             Began as an Octopode Shapeshifter on Sept 11, 2023.
             Slain by a gnoll
             ... wielding a +0 halberd
             ... led by a gnoll bouda
              (2 damage)
             ... on level 5 of the Dungeon.
             The game lasted 00:04:54 (4233 turns).

LeprechaunX the Changeling (Octopode Shapeshifter)  Turns: 4233, Time: 00:04:55

Health: -1/46      AC:  1    Str: 15    XL:     7   Next: 25%
Magic:  0/8        EV: 14    Int: 12    God:
Gold:   237        SH:  0    Dex: 12    Spells: 6/6 levels left

rFire   . .          .
                       - Unarmed
rCold   . . .        (no shield)
rNeg    . . .        (helmet currently unavailable)
rPois   .            d - amulet of guardian spirit
rElec   .            k - ring of resist corrosion
rCorr   +            (no ring)
SInv    .            (no ring)
Will    .....        (no ring)
Stlth   ++           (no ring)
HPRegen 0.27/turn    (no ring)
MPRegen 0.11/turn    (no ring)
                     (no ring)

%: guardian spirit
@: beast-form
A: beast (slay +2), almost no armour, amphibious, 8 rings, camouflage 1,
gelatinous body 1, (nimble swimmer 1), tentacles
a: Begin Untransformation


You were on level 5 of the Dungeon.
You were a hulking beast.
You visited 1 branch of the dungeon, and saw 5 of its levels.

You collected 237 gold pieces.

Inventory:

Missiles
 w - a throwing net
Jewellery
 d - an amulet of guardian spirit (around mantle)
 k - a ring of resist corrosion (left tentacle)
Talismans
 b - a beast talisman (active)
 c - a flux talisman
 i - a maw talisman
Scrolls
 e - 3 scrolls of teleportation {unknown}
 g - a scroll of summoning {unknown}
 l - 2 scrolls of fog {unknown}
 m - 4 scrolls of identify {unknown}
 p - 2 scrolls of enchant weapon {unknown}
 r - a scroll of brand weapon {unknown}
 s - a scroll of fear {unknown}
 x - a scroll of torment {unknown}
Potions
 a - a potion of lignification
 f - 2 potions of cancellation {unknown}
 h - 2 potions of enlightenment {unknown}
 j - 3 potions of mutation {unknown}
 n - a potion of magic {unknown}
 o - 2 potions of haste {unknown}
 q - a potion of brilliance {unknown}
 t - a potion of curing {unknown}
 u - a potion of degeneration {unknown}
 v - a potion of resistance {unknown}


   Skills:
 + Level 3.1 Fighting
 + Level 3.6 Dodging
 + Level 4.2 Unarmed Combat
 + Level 2.4 Invocations
 * Level 5.0 Shapeshifting


You had 6 spell levels left.
You didn't know any spells.
Your spell library contained the following spells:

 Spells                   Type           Power      Damage    Failure   Level
 Freeze                   Ice            0%         1d3       32%         1
 Frozen Ramparts          Ice            0%         1d1       69%         3
 Hailstorm                Conj/Ice       0%         3d3       69%         3
 Petrify                  Tmut/Erth      0%         N/A       97%         4
 Metabolic Englaciation   Hex/Ice        0%         N/A       100%        5


Dungeon Overview and Level Annotations

Branches:
Dungeon (5/15)
 Temple: D:4-7

Altars:
The Shining One

Shops:
D:4 *   D:5 *


Innate Abilities, Weirdness & Mutations

You are a hulking beast.
Your limbs bulge with bestial killing power. (Slay +2)
You cannot wear most types of armour.
You are amphibious.
You can wear up to eight rings at the same time.
Your skin changes colour to match your surroundings (Stealth+).
Your rubbery body absorbs attacks. (AC +1, EV +1)
((You are camouflaged when in or above water. (Stealth+)))
You have tentacles for arms and can constrict up to eight enemies at once.


Message History

You tentacle-slap the gnoll bouda but do no damage.
Your grab misses the gnoll bouda. Your squeeze misses the gnoll bouda.
The gnoll bouda misses you.
You barely miss the gnoll bouda. You grab the gnoll bouda.
You squeeze the gnoll bouda.
The gnoll bouda is moderately wounded.
You constrict the gnoll bouda, but do no damage.
The gnoll bouda hits you with a +0 club!
The water moccasin hisses angrily.
You tentacle-slap the gnoll bouda. You squeeze the gnoll bouda.
The gnoll bouda is severely wounded.
You constrict the gnoll bouda, but do no damage.
The gnoll bouda barely misses you.
You bludgeon the gnoll bouda!
You kill the gnoll bouda!
You completely miss the gnoll. Your grab misses the gnoll.
Your squeeze misses the gnoll. The gnoll hits you with a +0 club.
The gnoll misses you.
You bludgeon the gnoll! You grab the gnoll.
The gnoll is severely wounded.
You constrict the gnoll. The gnoll hits you with a +0 club.
The gnoll hits you from afar with a +0 halberd!
You bludgeon the gnoll!
You kill the gnoll!
The gnoll hits you from afar with a +0 halberd.
The gnoll attacks as it pursues you!
The gnoll hits you from afar with a +0 halberd!
* * * LOW HITPOINT WARNING * * *
Things that are here:
a +0 whip of venom; a +0 spear The gnoll hits you with a +0 halberd.
* * * LOW HITPOINT WARNING * * *
You closely miss the gnoll. Your grab misses the gnoll.
The gnoll hits you with a +0 halberd.
* * * LOW HITPOINT WARNING * * *
You tentacle-slap the gnoll. You grab the gnoll. You tentacle-slap the gnoll.
The gnoll is severely wounded.
You constrict the gnoll, but do no damage.
The gnoll hits you with a +0 halberd.
You die...

#..# #.## #.# . ###.#
.. #...# ... ###.###
.... #...# ##.!...
#####.#######.....g.
#...#...)hgS........
#...#.#######.#.####
#.........#....<##
#...###......#....
##......#.#.##........
#......#.#..........
#...#......#######.
###>...............
##.....#.....#.#


You could see a water moccasin and a gnoll (swift).

Vanquished Creatures
  A black bear (D:3)
  2 hounds
  An orc priest (D:4)
  A gnoll bouda (D:5)
  Terence (D:2)
  2 iguanas (D:4)
  An orc wizard (D:4)
  10 gnolls
  3 adders
  A white imp (D:4)
  An ufetubus (D:4)
  3 worms
  3 dart slugs
  3 orcs (D:4)
  6 ball pythons
  9 endoplasms
  4 giant cockroaches
  8 goblins
  10 hobgoblins
  4 kobolds
  4 quokkas
  3 bats
  A frilled lizard (D:1)
  5 rats
87 creatures vanquished.

Notes
Turn   | Place    | Note
-------+----------+-------------------------------------------
     0 | D:1      | LeprechaunX the Octopode Shapeshifter began the quest for
                  | the Orb.
     0 | D:1      | Reached XP level 1. HP: 13/13 MP: 1/1
   212 | D:1      | Reached XP level 2. HP: 15/18 MP: 0/2
   536 | D:1      | Reached XP level 3. HP: 21/23 MP: 3/3
  1092 | D:2      | Noticed Terence
  1099 | D:2      | Killed Terence
  1100 | D:2      | Reached XP level 4. HP: 18/29 MP: 2/4
  1373 | D:2      | Found a glowing golden altar of the Shining One.
  1724 | D:3      | Found a faded altar of an unknown god.
  2628 | D:4      | Reached skill level 4 in Shapeshifting
  2628 | D:4      | Reached XP level 5. HP: 20/34 MP: 1/5
  2723 | D:4      | Reached skill level 1 in Invocations
  3028 | D:4      | Reached XP level 6. HP: 10/41 MP: 1/7
  3248 | D:4      | Found Isobiofi's Assorted Antiques.
  3509 | D:4      | Noticed a black bear
  3525 | D:3      | Killed a black bear
  3575 | D:4      | Reached XP level 7. HP: 33/46 MP: 8/8
  4120 | D:5      | Entered Level 5 of the Dungeon
  4121 | D:5      | Found Uluitixa's Neck Hole.
  4196 | D:5      | Reached skill level 5 in Shapeshifting
  4232 | D:5      | HP: 1/46 [gnoll/+0 halberd[a gnoll bouda] (4)]
  4233 | D:5      | Slain by a gnoll

Illustrated notes

Levels and vault maps discovered:
D:1:      minmay_arrival_five_plusses, layout_loops_corners, dk_noncrumbling_2,
          minmay_pentomino_t4
D:2:      layout_loops_ring, basic_altar, uniq_terence
D:3:      layout_basic, chequers_ecumenical_altar_simple_redux
D:4:      layout_basic, serial_shops, shop
D:5:      layout_basic, mainiacjoe_overflow_alcove_2,
          nicolae_shop_sticking_my_neck_out, uniq_grinder

Skill      XL: |  1  2  3  4  5  6  7 |
---------------+----------------------+-----
Fighting       | 2 3 |  3.1
Shapeshifting  | 4 5 |  5.0
Invocations    | 1 2 |  2.4
Dodging        | 3 |  3.6
Unarmed Combat | 4 |  4.2

Action                     |  1- 3 |  4- 6 |  7- 9 || total
---------------------------+-------+-------+-------++-------
  Melee: Unarmed           |    53 |   126 |    29 ||   208
         Tentacles         |    12 |    33 |     5 ||    50
         Constrict         |    10 |    31 |     7 ||    48
         Punch             |     2 |     3 |     2 ||     7
    Use: Potion            |       |     1 |       ||     1
   Stab: Sleeping          |     5 |     9 |     1 ||    15
 Armour: Skin              |    13 |    75 |    16 ||   104
  Dodge: Dodged            |    27 |    59 |     9 ||    95

Table legend: (Time is in decaauts)
 A = Elapsed time spent in this place.
 B = Non-inter-level travel time spent in this place.
 C = Inter-level travel time spent in this place.
 D = Time resting spent in this place.
 E = Time spent auto-exploring this place.
 F = Levels seen in this place.
 G = Mean time per level.
                   A        B        C        D        E       F      G
               +--------+--------+--------+--------+--------+-----+--------+
         Total |   4222 |   4072 |    150 |    321 |   3044 |   5 |  844.4 |
       Dungeon |   4222 |   4072 |    150 |    321 |   3044 |   5 |  844.4 |
               +--------+--------+--------+--------+--------+-----+--------+

Top non-repeatable levels by time:
     D:4: 1353 daAuts
     D:3: 1197 daAuts
     D:1: 926 daAuts
     D:2: 634 daAuts
     D:5: 111 daAuts
